[Event "Late-Titled-Tuesday-Blitz-October-24-2023"]
[Site "Chess.com"]
[Date "2023.10.24"]
[Round "8"]
[White "expii"]
[Black "katharinareinecke"]
[Result "1/2-1/2"]
[WhiteElo "2208"]
[BlackElo "1877"]
[TimeControl "180+1"]
[EndTime "15:25:39 PDT"]
[Termination "Game drawn by repetition"]

1. e4 c6 2. d4 d5 3. f3 dxe4 4. fxe4 e6 5. Nf3 Nf6 6. Nc3 Bb4 7. Bd3 O-O 8. O-O c5 9. Be3 cxd4 10. Bxd4 Nc6 11. Bf2 Bxc3 12. bxc3 b6 13. h3 Bb7 14. Re1 Rc8 15. Qe2 Na5 16. Rad1 Qc7 17. Bd4 Kh8 18. Bxf6 gxf6 19. Qd2 Rg8 20. Qh6 Rg6 21. Qh4 Rcg8 22. Re2 Qg3 23. Qxg3 Rxg3 24. Kh2 Nc6 25. Nd4 Ne5 26. Rf1 R8g6 27. Nf3 Kg7 28. Nxe5 fxe5 29. Ref2 Kh6 30. c4 Bc8 31. Rxf7 Rxg2+ 32. Kh1 R2g3 33. Kh2 Rg2+ 34. Kh1 R2g3 35. Kh2 Rg2+ 1/2-1/2

[Event "Late-Titled-Tuesday-Blitz-October-24-2023"]
[Site "Chess.com"]
[Date "2023.10.24"]
[Round "8"]
[White "giomar27"]
[Black "Willi_Skibbe"]
[Result "1-0"]
[WhiteElo "2371"]
[BlackElo "2204"]
[TimeControl "180+1"]
[EndTime "15:25:40 PDT"]
[Termination "giomar27 won by resignation"]

1. Nc3 d5 2. Nf3 Nf6 3. d3 Bg4 4. g3 Bxf3 5. exf3 e6 6. Bg2 c6 7. O-O Nbd7 8. f4 Bd6 9. b3 O-O 10.
Bb2 e5 11. fxe5 Bxe5 12. f4 Bd4+ 13. Kh1 Qa5 14. Qd2 Rae8 15. a3 Ng4 16. b4 Qb6 17. Na4 Qb5 18. Bxd4 Qxa4 19. h3 Ngf6 20. Qc3 Re2 21.
Rf2 Rfe8 22. Raf1 Nh5 23. Kh2 a5 24. Bf3 Rxf2+ 25. Rxf2 axb4 26. axb4 Nhf6 27. g4 b6 28. g5 c5 29. bxc5 bxc5 30. Bxf6 Qxf4+ 31. Kg2 gxf6 32. gxf6 Qxf6 33. Qb3 d4 34. Bg4 Qc6+ 35. Bf3 Qg6+ 36. Kh2 Kf8 37. Qd5 Ne5 38. Qxc5+ Kg7 39. Be4 Qh5 40.
Qxd4 f6 41. Rg2+ Kh8 42. Qf2 Rg8 43. Qxf6+ 1-0

[Event "Late-Titled-Tuesday-Blitz-October-24-2023"]
[Site "Chess.com"]
[Date "2023.10.24"]
[Round "8"]
[White "ShahxaibKhan"]
[Black "Felix-Rose"]
[Result "0-1"]
[WhiteElo "2418"]
[BlackElo "2337"]
[TimeControl "180+1"]
[EndTime "15:25:43 PDT"]
[Termination "Felix-Rose won on time"]

1. e4 e5 2. Nf3 Nc6 3. d4 exd4 4. Nxd4 Nf6 5. Nxc6 bxc6 6. e5 Qe7 7. Qe2 Nd5 8. c4 Nb6 9. Nc3 Ba6 10. Qe4 Qe6 11.
b3 Bb4 12. Bd2 Bxc3 13. Bxc3 d5 14. cxd5 cxd5 15. Qb4 Bxf1 16. Kxf1 Qe7 17. Qb5+ Qd7 18. Qc5 a6 19. Bb4 Qb5+ 20. Ke1 Qxc5 21. Bxc5 Nd7 22. Rc1 Nxe5 23. Kd2 f6 24. Rhe1 Kd7 25. Re3 Rhe8 26. Rg3 g6 27. h4 a5 28. h5 g5 29. f4 Nf7 30. fxg5 Nxg5 31. Kd3 a4 32. b4 Rg8 33. Rf1 Ne4 34. Rxg8 Rxg8 0-1

[Event "Late-Titled-Tuesday-Blitz-October-24-2023"]
[Site "Chess.com"]
[Date "2023.10.24"]
[Round "8"]
[White "NowInChess"]
[Black "PNEPaul"]
[Result "1/2-1/2"]
[WhiteElo "2163"]
[BlackElo "1858"]
[TimeControl "180+1"]
[EndTime "15:25:45 PDT"]
[Termination "Game drawn by repetition"]

1. e4 e5 2. Nf3 Nc6 3. d4 exd4 4. Bc4 Be7 5. Nxd4 d6 6. Nxc6 bxc6 7. Nc3 Nf6 8. Bf4 O-O 9. Qd2 Be6 10. Bb3 Bxb3 11.
axb3 d5 12. exd5 cxd5 13. O-O c6 14. Rfe1 Bb4 15. Ra4 a5 16. Qd3 Ne4 17. f3 Nc5 18. Qd4 Nxa4 19. bxa4 Bxc3 20. Qxc3 Qf6 21. Be5 Qg6 22.
Bd4 Rfe8 23. Be5 f6 24. Bg3 Rxe1+ 25. Qxe1 Qe8 26. Qc3 Qd7 27. b3 d4 28. Qc4+ Qd5 29. Qd3 Re8 30. Qd2 h6 31. h4 Rd8 32. Kh2 Rd7 33.
Qd3 c5 34. Qg6 Qf7 35. Qe4 Qd5 36. Qg6 Qf7 37. Qe4 Qd5 38. Qg6 1/2-1/2

[Event "Late-Titled-Tuesday-Blitz-October-24-2023"]
[Site "Chess.com"]
[Date "2023.10.24"]
[Round "8"]
[White "santosalberto1987"]
[Black "jcmesafischer"]
[Result "0-1"]
[WhiteElo "2415"]
[BlackElo "2334"]
[TimeControl "180+1"]
[EndTime "15:25:46 PDT"]
[Termination "jcmesafischer won by checkmate"]

1. e4 c5 2. Nf3 d6 3. Bb5+ Bd7 4. Bxd7+ Qxd7 5. c4 Nf6 6. Nc3 g6 7. d4 cxd4 8. Nxd4 Bg7 9. f3 Nc6 10. Be3 Nxd4 11.
Bxd4 O-O 12. b3 Ne8 13. O-O Nc7 14. Rc1 b5 15. Bxg7 Kxg7 16. Nd5 bxc4 17. Rxc4 Nxd5 18.
Qxd5 Rac8 19. Rfc1 Rxc4 20. Qxc4 e6 21. Qc7 Rd8 22. Qxd7 Rxd7 23. Kf2 d5 24. exd5 Rxd5 25. Ke3 Re5+ 26. Kd3 Rd5+ 27. Kc3 e5 28. b4 Kf6 29.
Kb3 Rd2 30. Rc2 Rd3+ 31. Kc4 Ra3 32. Kd5 Rd3+ 33. Kc6 Ra3 34. b5 Ke6 35. b6 axb6 36.
Kxb6 f5 37. Kb5 e4 38. fxe4 fxe4 39. Kb4 Ra8 40. a4 Ke5 41. a5 e3 42. Rc7 Kd6 43. Rc1 Kd5 44. Kc3 Rxa5 45. Kd3 Ra3+ 46. Ke2 Kd4 47. Rc7 Ra2+ 48. Kf1 Rf2+ 49. Kg1 Rf6 50. Rxh7 e2 51. Re7 Rf1# 0-1

[Event "Late-Titled-Tuesday-Blitz-October-24-2023"]
[Site "Chess.com"]
[Date "2023.10.24"]
[Round "8"]
[White "Witik"]
[Black "vugarrasulov"]
[Result "1-0"]
[WhiteElo "2822"]
[BlackElo "2989"]
[TimeControl "180+1"]
[EndTime "15:25:49 PDT"]
[Termination "Witik won by checkmate"]

1. e4 c5 2. d4 cxd4 3. c3 d5 4.
exd5 Nf6 5. Bb5+ Bd7 6. Bc4 b5 7. Bb3 dxc3 8. Nxc3 b4 9. Nce2 g6 10. Nf3 Bg7 11. O-O O-O 12. Ned4 a5 13. a4 Bc8 14. Ne5 Bb7 15. Ndc6 Nxc6 16. dxc6 Ba6 17. Re1 Qxd1 18. Rxd1 e6 19. Bg5 Rfc8 20. f4 Ne4 21.
Be7 g5 22. Rd7 gxf4 23. Re1 Bxe5 24. Rxe4 Bxb2 25. c7 e5 26. Bf6 Bb7 27. Bxf7+ Kf8 28. Be6 Bxe4 29. Rg7 Bd4+ 30. Kh1 Rxc7 31. Rg8# 1-0

[Event "Late-Titled-Tuesday-Blitz-October-24-2023"]
[Site "Chess.com"]
[Date "2023.10.24"]
[Round "8"]
[White "PushingpawnsNYC"]
[Black "Casper"]
[Result "1-0"]
[WhiteElo "2360"]
[BlackElo "2447"]
[TimeControl "180+1"]
[EndTime "15:25:52 PDT"]
[Termination "PushingpawnsNYC won on time"]

1. e4 c5 2. Nc3 d6 3. Bc4 a6 4.
a4 Nd7 5. f4 e5 6. d3 Nb6 7.
Bb3 Be6 8. Bxe6 fxe6 9. fxe5 dxe5 10. Nf3 Bd6 11. O-O Nf6 12. Ng5 Qe7 13. Qf3 h6 14.
Qh3 O-O 15. Nxe6 Rfe8 16. Nxg7 Qxg7 17. Bxh6 Qg6 18. Rf3 Kf7 19. a5 Nc8 20. Raf1 Be7 21. Nd5 Nd6 22. Rg3 Qh7 23. Rg7+ Qxg7 24. Bxg7 Kxg7 25. Qg3+ Kf7 26. Qxe5 Kg6 27. Rxf6+ Bxf6 28. Qxf6+ Kh7 29. Qxd6 Rf8 30. Qe7+ Kg6 31. Qe6+ Kg7 32. h4 Rae8 33. Qg4+ Kh8 34. Qh5+ Kg7 35. Qg5+ Kh8 36.
Qh6+ Kg8 37. Qg6+ Kh8 38. Nf6 1-0

[Event "Late-Titled-Tuesday-Blitz-October-24-2023"]
[Site "Chess.com"]
[Date "2023.10.24"]
[Round "8"]
[White "CraiggoryC"]
[Black "Nekoo04"]
[Result "1-0"]
[WhiteElo "2202"]
[BlackElo "2254"]
[TimeControl "180+1"]
[EndTime "15:25:53 PDT"]
[Termination "CraiggoryC won by resignation"]

1. e4 c5 2. Nf3 d6 3. d4 cxd4 4. Nxd4 Nf6 5. Nc3 g6 6. Be3 Bg7 7. f3 Nc6 8. Qd2 O-O 9. Bc4 Bd7 10. O-O-O Rb8 11. h4 b5 12. Bb3 Na5 13. h5 Nc4 14.
Bxc4 bxc4 15. Bh6 Bxh6 16. Qxh6 Qb6 17. b3 Qa5 18. Nd5 Nxd5 19. exd5 Qxa2 20. Rh4 g5 21. Qxg5+ Kh8 22. Qxe7 f6 23. h6 Rg8 24. Qxf6+ 1-0

[Event "Late-Titled-Tuesday-Blitz-October-24-2023"]
[Site "Chess.com"]
[Date "2023.10.24"]
[Round "8"]
[White "talaicito"]
[Black "Bala-Afiada"]
[Result "0-1"]
[WhiteElo "2218"]
[BlackElo "1862"]
[TimeControl "180+1"]
[EndTime "15:25:54 PDT"]
[Termination "Bala-Afiada won on time"]

1. g3 c6 2. Bg2 d5 3. b3 e5 4. Bb2 Bd6 5. e3 Be6 6. Ne2 Nd7 7. d3 Ngf6 8. Nd2 O-O 9. h3 Re8 10. a3 Rc8 11. g4 Nf8 12. Ng3 b5 13. Nf3 d4 14. e4 c5 15. Nf5 c4 16. b4 Ng6 17.
Bc1 cxd3 18. cxd3 Rc3 19. Bf1 Bb3 20. Qe2 Rc2 21. Nd2 Nf4 22. Qf3 Qc7 23. Nxb3 Qc3+ 24. Bd2 Qxb3 25. Nxd6 Rxd2 26. Kxd2 Qc3+ 27. Kd1 Qxa1+ 28.
Kd2 Qc3+ 29. Kd1 Rd8 30. Nxb5 Qb3+ 31. Kd2 Rc8 32. Qd1 Qb2+ 33. Ke1 Rc1 34. g5 Rxd1+ 35. Kxd1 Ne8 36. h4 Qb3+ 37. Kd2 a6 0-1

[Event "Late-Titled-Tuesday-Blitz-October-24-2023"]
[Site "Chess.com"]
[Date "2023.10.24"]
[Round "8"]
[White "Darko-Dimitrijevic"]
[Black "tylityli"]
[Result "1-0"]
[WhiteElo "2159"]
[BlackElo "2302"]
[TimeControl "180+1"]
[EndTime "15:25:56 PDT"]
[Termination "Darko-Dimitrijevic won on time"]

1. e4 e5 2. Nf3 Nc6 3. Bb5 a6 4. Ba4 Nf6 5. O-O Be7 6. Re1 b5 7. Bb3 d6 8. h3 O-O 9. c3 Nd7 10. d4 Bf6 11. Be3 Na5 12. Bc2 Nc4 13. Bc1 Bb7 14. b3 Ncb6 15. d5 g6 16. Bh6 Bg7 17. Bxg7 Kxg7 18. Nbd2 Nf6 19. c4 c6 20.
Bd3 b4 21. a3 a5 22. Qc2 c5 23. Nf1 Nh5 24. Ne3 Nf4 25. Bf1 Bc8 26. Kh2 Bd7 27.
g3 Nh5 28. Ra2 a4 29. Rea1 axb3 30. Qxb3 Ba4 31. Qd3 b3 32. Re2 Nd7 33. Nd2 Rb8 34. Rb1 Qb6 35. Nd1 f5 36. Nc3 Qa5 37. Rb2 f4 38. g4 f3 39. Re3 Nf4 40. Qb1 h5 41. g5 h4 42. Nxf3 Rh8 43. Nxa4 Qxa4 44. Rexb3 Rxb3 45. Rxb3 1-0

[Event "Late-Titled-Tuesday-Blitz-October-24-2023"]
[Site "Chess.com"]
[Date "2023.10.24"]
[Round "8"]
[White "KorolDimitriy75"]
[Black "scandalgod"]
[Result "0-1"]
[WhiteElo "2359"]
[BlackElo "2507"]
[TimeControl "180+1"]
[EndTime "15:25:58 PDT"]
[Termination "scandalgod won on time"]

1. d4 d5 2. c4 c6 3. Nc3 Nf6 4. e3 a6 5. Nf3 Bf5 6. Bd3 Bxd3 7. Qxd3 e6 8. O-O Nbd7 9. e4 dxe4 10. Nxe4 Nxe4 11. Qxe4 Nf6 12. Qe2 Be7 13. Bg5 O-O 14.
Rad1 Qa5 15. b3 Rfe8 16. Ne5 Rad8 17. Rd3 Nd7 18. Bxe7 Rxe7 19. Rfd1 Nf8 20. h4 Nd7 21. h5 h6 22. f4 Ree8 23. Kh2 Qc7 24. c5 Nf6 25. Rg3 Qe7 26. Rdd3 Kh8 27. Qf3 Nd5 28. f5 exf5 29. Qxf5 Rf8 30. Rdf3 Nf6 31. Rf4 Rd5 32. Rgf3 Rfd8 33. Rd3 Kg8 34. b4 Qe6 35. Qxe6 fxe6 36. Rff3 Nxh5 0-1

[Event "Late-Titled-Tuesday-Blitz-October-24-2023"]
[Site "Chess.com"]
[Date "2023.10.24"]
[Round "8"]
[White "MikaelyanArman"]
[Black "Andrei_Skvortsov"]
[Result "1-0"]
[WhiteElo "2918"]
[BlackElo "2670"]
[TimeControl "180+1"]
[EndTime "15:25:59 PDT"]
[Termination "MikaelyanArman won by resignation"]

1. d4 d5 2. c4 dxc4 3. Nf3 Nf6 4.
e3 a6 5. Bxc4 e6 6. O-O c5 7.
dxc5 Bxc5 8. Qxd8+ Kxd8 9. Be2 Nbd7 10. Rd1 Ke7 11. Nfd2 Nd5 12. Nb3 Bd6 13. N1d2 N7f6 14. Nc4 Bc7 15. f3 Rd8 16. Bd2 b5 17. Nca5 Bd7 18.
Nc5 Bb6 19. b4 Rdc8 20. Rac1 Be8 21. e4 Nc7 22. Bf4 Kf8 23. Kf1 Bxa5 24. bxa5 b4 25. Bxc7 Rxc7 26. Nxe6+ fxe6 27. Rxc7 Rb8 28. Rd6 b3 29. axb3 Rxb3 30. Rb6 Ra3 31. Rxa6 Ra1+ 32. Kf2 Ra2 33. Rb7 Nd7 34. Ra8 Ke7 35. Ke3 Ra3+ 36. Kf4 e5+ 37. Kg3 Bf7 38. Bb5 1-0

[Event "Late-Titled-Tuesday-Blitz-October-24-2023"]
[Site "Chess.com"]
[Date "2023.10.24"]
[Round "8"]
[White "Binary010"]
[Black "Mikedannnn"]
[Result "0-1"]
[WhiteElo "2820"]
[BlackElo "2586"]
[TimeControl "180+1"]
[EndTime "15:25:59 PDT"]
[Termination "Mikedannnn won on time"]

1. e4 c5 2. Nf3 e6 3. d4 cxd4 4.
Nxd4 Nc6 5. Nc3 Qc7 6. Be3 a6 7. a3 Nf6 8. f4 d6 9. Qf3 Bd7 10. O-O-O Rc8 11. g4 h5 12. g5 Ng4 13. Bg1 Nxd4 14.
Rxd4 e5 15. Rc4 Qd8 16. Nd5 exf4 17. Qxf4 Bc6 18. Bb6 Qd7 19. Bh3 Be7 20. Bd4 O-O 21. Kb1 Bxd5 22. Rxc8 Ba2+ 23. Kxa2 Rxc8 24. Rf1 Qe6+ 25.
Kb1 Rc4 26. c3 b5 27. Bg2 a5 28. h3 Ne5 29. Qd2 b4 30. axb4 axb4 31. cxb4 Bxg5 32. Qxg5 Rxd4 33. b5 Rb4 34. b6 Nd3 0-1

[Event "Late-Titled-Tuesday-Blitz-October-24-2023"]
[Site "Chess.com"]
[Date "2023.10.24"]
[Round "8"]
[White "stasOR4ik"]
[Black "balachess2006"]
[Result "0-1"]
[WhiteElo "2393"]
[BlackElo "2563"]
[TimeControl "180+1"]
[EndTime "15:25:59 PDT"]
[Termination "balachess2006 won by checkmate"]

1. e4 c5 2. c3 Nf6 3. e5 Nd5 4. d4 cxd4 5. Nf3 Nc6 6. cxd4 d6 7.
Bc4 dxe5 8. dxe5 Be6 9. O-O g6 10. Qe2 Qa5 11. Bd2 Qb6 12. Na3 Bg7 13. Rfd1 O-O 14.
Bxd5 Bxd5 15. Bc3 Bxf3 16. gxf3 Rad8 17. f4 Nd4 18. Qe3 Ne6 19. Nc4 Qa6 20. Nd2 Bh6 21. Qh3 Bxf4 22. Ne4 Qa4 23. Qf3 Bh6 24. b3 Qc6 25. Rac1 Rxd1+ 26. Rxd1 Rd8 27. Rxd8+ Nxd8 28. Qd3 Ne6 29. f3 Bf4 30. Kg2 Kg7 31. a4 h5 32.
h3 Qb6 33. b4 a6 34. b5 axb5 35. axb5 Qc7 36. Bb4 Bxe5 37. Qd5 Nf4+ 38. Kg3 Nxd5+ 39. Kh4 Bf6+ 40. Ng5 Qf4# 0-1

[Event "Late-Titled-Tuesday-Blitz-October-24-2023"]
[Site "Chess.com"]
[Date "2023.10.24"]
[Round "8"]
[White "Cryptochess"]
[Black "cassoulet"]
[Result "1-0"]
[WhiteElo "2644"]
[BlackElo "2782"]
[TimeControl "180+1"]
[EndTime "15:26:03 PDT"]
[Termination "Cryptochess won by checkmate"]

1. e4 c5 2. Nf3 e6 3. d4 cxd4 4. Nxd4 Nf6 5. Nc3 Nc6 6. a3 Be7 7. Be3 O-O 8. g3 d5 9. Bg2 dxe4 10. O-O Nd5 11. Nxc6 bxc6 12. Nxe4 Nxe3 13. fxe3 Qb6 14. Qf3 Bb7 15. b4 Rad8 16. Rab1 f5 17. Nc5 Bxc5 18. bxc5 Qc7 19. Qf4 e5 20. Qc4+ Kh8 21. g4 Bc8 22.
gxf5 Bxf5 23. Qa4 Qe7 24. Qxc6 Bxc2 25. Rxf8+ Rxf8 26. Rf1 Rd8 27. Qb7 Qxc5 28. Qf3 h6 29. Rc1 e4 30. Qf2 Rc8 31. Bxe4 Qg5+ 32. Bg2 Bh7 33. Rxc8+ Bg8 34. h3 Qg6 35. Rf8 Qb1+ 36. Kh2 Qb6 37. Rf4 Qd6 38. Qg3 Qe5 39. Rg4 Qe7 40.
Be4 Be6 41. Rg6 Bg8 42. Qf4 Bf7 43. Rxh6+ gxh6 44. Qxh6+ Kg8 45. Bh7+ Kh8 46. Bg6+ Kg8 47. Qh7+ Kf8 48. Qxf7+ Qxf7 49. Bxf7 Kxf7 50. Kg3 Ke6 51. Kf4 Kd5 52. h4 Kc4 53. h5 Kb3 54. h6 Kxa3 55. h7 a5 56. h8=Q Kb3 57. Qa1 a4 58. e4 a3 59. e5 a2 60. e6 Ka3 61.
e7 Kb3 62. e8=Q Ka3 63. Qa8+ Kb3 64. Q8xa2+ Kb4 65. Qd4+ Kb5 66. Qaa4# 1-0

[Event "Late-Titled-Tuesday-Blitz-October-24-2023"]
[Site "Chess.com"]
[Date "2023.10.24"]
[Round "8"]
[White "carloseduar100"]
[Black "Yushko_Olga"]
[Result "1-0"]
[WhiteElo "2292"]
[BlackElo "2133"]
[TimeControl "180+1"]
[EndTime "15:26:03 PDT"]
[Termination "carloseduar100 won by resignation"]

1. e4 e6 2. d4 d5 3. Bd3 Nf6 4. e5 Nfd7 5. c3 c5 6. Ne2 Be7 7. O-O O-O 8. f4 Nc6 9. Be3 Qb6 10. Nd2 f6 11. Kh1 Re8 12. Qe1 Nf8 13. Qh4 fxe5 14. Qh5 g6 15. Qh3 e4 16. dxc5 Bxc5 17.
Bxc5 Qxc5 18. Bc2 e5 19. Qh6 Bf5 20. Ng3 Ne7 21. fxe5 Qc6 22. Bb3 Ne6 23. Ndxe4 Bxe4 24. Nxe4 dxe4 25. Rf6 Nf5 26. Qg5 Ng7 27. Raf1 Kh8 28. Qh6 Nf5 29. R1xf5 gxf5 30. Bxe6 Rad8 31. h4 Rxe6 32.
Rf8+ 1-0

[Event "Late-Titled-Tuesday-Blitz-October-24-2023"]
[Site "Chess.com"]
[Date "2023.10.24"]
[Round "8"]
[White "cthulhuuu"]
[Black "nitpicker"]
[Result "1-0"]
[WhiteElo "2424"]
[BlackElo "2266"]
[TimeControl "180+1"]
[EndTime "15:26:05 PDT"]
[Termination "cthulhuuu won on time"]

1. e4 c5 2. Nf3 Nc6 3. g3 e6 4.
d3 g6 5. Bg2 Bg7 6. O-O Nge7 7.
Re1 e5 8. Nc3 d6 9. Nd2 O-O 10.
Nc4 Be6 11. Nd5 h6 12. a4 f5 13. f4 Rf7 14. c3 Qd7 15. a5 Raf8 16. Qa4 Qd8 17.
Be3 exf4 18. gxf4 a6 19. Qb3 Nc8 20. Bf2 fxe4 21. dxe4 Bxd5 22. exd5 N6a7 23. Bg3 h5 24. h4 Bh6 25. Rf1 Bxf4 26. Bxf4 Rxf4 27. Qxb7 Qxh4 28. Nxd6 Qg3 29. Nxc8 Nxc8 30. Rxf4 Rxf4 31. Qxc8+ Rf8 32. Qxc5 h4 33. Rf1 1-0

[Event "Late-Titled-Tuesday-Blitz-October-24-2023"]
[Site "Chess.com"]
[Date "2023.10.24"]
[Round "8"]
[White "Gogolev_Artemy"]
[Black "ChuckPhil"]
[Result "1-0"]
[WhiteElo "2433"]
[BlackElo "2524"]
[TimeControl "180+1"]
[EndTime "15:26:06 PDT"]
[Termination "Gogolev_Artemy won by resignation"]

1. c4 e5 2. Nc3 Nc6 3. Nf3 d6 4. g3 f5 5. Bg2 Nf6 6. O-O Be7 7. d4 e4 8. Ng5 O-O 9. f3 h6 10. Nh3 exf3 11. exf3 d5 12. c5 g5 13. f4 g4 14. Nf2 Be6 15. Re1 Bf7 16. Be3 Kg7 17. Nd3 Ne4 18. Ne5 h5 19. Qc1 h4 20. Nxe4 dxe4 21.
Nxf7 Rxf7 22. Qc4 Bf6 23. d5 Ne7 24. Red1 Qd7 25. Rd2 Rd8 26. Rad1 Ng6 27. b4 Rh8 28. b5 b6 29. d6 bxc5 30. Qxc5 cxd6 31. Rxd6 Qe7 32.
Qxf5 hxg3 33. hxg3 Bc3 34. Qxg6+ Kf8 35. Rd8+ 1-0

[Event "Late-Titled-Tuesday-Blitz-October-24-2023"]
[Site "Chess.com"]
[Date "2023.10.24"]
[Round "8"]
[White "HalfIsCrayfish"]
[Black "Evandro_Barbosa"]
[Result "1-0"]
[WhiteElo "2560"]
[BlackElo "2661"]
[TimeControl "180+1"]
[EndTime "15:26:08 PDT"]
[Termination "HalfIsCrayfish won on time"]

1. e4 c5 2. Nc3 e6 3. Nge2 Nc6 4. g3 Nf6 5. Bg2 d6 6. O-O Be7 7. d3 O-O 8. h3 Rb8 9. g4 b5 10. Ng3 b4 11. Nce2 d5 12. f4 dxe4 13. Nxe4 Nxe4 14. Bxe4 Bb7 15. Be3 Nd4 16. Bxd4 cxd4 17. Bxb7 Rxb7 18.
Ng3 Rc7 19. Rc1 Qd5 20. b3 Rfc8 21. Ne4 f5 22. Nd2 fxg4 23. Qxg4 Rxc2 24. Nc4 h5 25.
Qg6 Rxc1 26. Rxc1 Qf5 27. Qxf5 exf5 28. Re1 Bf6 29. Re6 h4 30. Kf2 Rc7 31. Re8+ Kh7 32. Rb8 g5 33. fxg5 Bxg5 34. Rxb4 Rg7 35. Rb5 f4 36.
Nd6 Bd8 37. Rb7 Rxb7 38. Nxb7 Bb6 39. Kf3 Kg6 40. Kxf4 Kh5 41. Kf5 Kh6 42. Nd6 Kh5 43. b4 Bc7 44. Nb5 Bb6 45. a4 a6 46. Na3 Bd8 47. Nc4 Be7 48. b5 axb5 49. axb5 Bc5 50. b6 Kh6 51. b7 Ba7 52. Na5 1-0

[Event "Late-Titled-Tuesday-Blitz-October-24-2023"]
[Site "Chess.com"]
[Date "2023.10.24"]
[Round "8"]
[White "Eternauta2400"]
[Black "Apocalyps999"]
[Result "0-1"]
[WhiteElo "2716"]
[BlackElo "2373"]
[TimeControl "180+1"]
[EndTime "15:26:10 PDT"]
[Termination "Apocalyps999 won on time"]

1. c4 e5 2. Nc3 Nf6 3. Nf3 Nc6 4. g3 d5 5. cxd5 Nxd5 6. Bg2 Be6 7. O-O Nb6 8. a3 a5 9. d4 exd4 10. Nb5 Bc5 11.
Bf4 Rc8 12. Rc1 Be7 13. Nfxd4 Nxd4 14. Bxc7 Qd7 15. Qxd4 Nd5 16. Bxd5 Bxd5 17. Na7 Rxc7 18. Rxc7 Qxc7 19. Qxd5 O-O 20. Qb3 Qc5 21. Nb5 Bf6 22. e3 Rd8 23. Nc3 Bxc3 24. bxc3 b6 25. Rb1 Rd6 26. a4 g6 27. c4 Rc6 28. Rc1 Qb4 29. Qd3 Qxa4 30. Qd7 Rxc4 31. Qe8+ Qxe8 0-1

[Event "Late-Titled-Tuesday-Blitz-October-24-2023"]
[Site "Chess.com"]
[Date "2023.10.24"]
[Round "8"]
[White "ikhasu"]
[Black "Mariia89"]
[Result "1-0"]
[WhiteElo "2369"]
[BlackElo "2185"]
[TimeControl "180+1"]
[EndTime "15:26:11 PDT"]
[Termination "ikhasu won on time"]

1. d4 Nf6 2. Nf3 c5 3. dxc5 e6 4.
g3 Bxc5 5. Bg2 d5 6. O-O O-O 7. b3 Nc6 8. Bb2 Re8 9. Ne5 Nxe5 10. Bxe5 Bd7 11. Nd2 Bc6 12. e3 Rc8 13. Qe2 Nd7 14.
Bb2 e5 15. e4 d4 16. a3 a6 17.
b4 Bb5 18. Qf3 Bxf1 19. Bxf1 Bf8 20. Bc4 Nf6 21. Bb3 Qd7 22. Nc4 Qg4 23. Qxg4 Nxg4 24. Nb6 Rc6 25. Ba4 Ree6 26. Nd5 Rc8 27. Re1 b5 28. Bb3 Rd6 29. h3 Nf6 30. f4 Nxd5 31. exd5 f6 32. fxe5 fxe5 33. Rxe5 Rg6 34. d6+ Kh8 35. d7 Rd8 36. Re8 Rxg3+ 37. Kf2 1-0

[Event "Late-Titled-Tuesday-Blitz-October-24-2023"]
[Site "Chess.com"]
[Date "2023.10.24"]
[Round "8"]
[White "sergeikim"]
[Black "Vamostodorecto"]
[Result "1/2-1/2"]
[WhiteElo "2601"]
[BlackElo "2459"]
[TimeControl "180+1"]
[EndTime "15:26:12 PDT"]
[Termination "Game drawn by repetition"]

1. d4 d5 2. c4 e5 3. e3 Nc6 4. cxd5 Qxd5 5. Nc3 Bb4 6. Bd2 Bxc3 7. bxc3 Nf6 8. c4 Qd6 9. d5 Ne7 10. Rb1 O-O 11.
Nf3 c5 12. Be2 e4 13. Ng5 h6 14. Nh3 Bxh3 15. gxh3 b6 16. Bc3 Nf5 17. Qc2 Rfe8 18.
Qb2 Nh7 19. Bg4 Qg6 20. Kd2 Nd6 21. Be2 Ng5 22. Rhg1 Nf3+ 23. Bxf3 Nxc4+ 24. Kc2 Qf5 25. Rxg7+ Kf8 26. Qb3 exf3+ 27. Kc1 Nxe3 28. Rg1 Nxd5 29.
Qc2 Qxc2+ 30. Kxc2 Re2+ 31. Kb3 Nxc3 32. Kxc3 Rxf2 33.
Rbf1 Rxa2 34. Rxf3 Re8 35. Rfg3 Rae2 36. Kc4 R8e4+ 37.
Kd5 Rd4+ 38. Kc6 Rxh2 39. Rg8+ Ke7 40. Re1+ Kf6 41. Rf1+ Ke7 42. Re1+ Kf6 43. Rf1+ Ke7 44. Re1+ 1/2-1/2

[Event "Late-Titled-Tuesday-Blitz-October-24-2023"]
[Site "Chess.com"]
[Date "2023.10.24"]
[Round "8"]
[White "Nikita_Klepikov"]
[Black "aghasiyevkamal"]
[Result "0-1"]
[WhiteElo "2352"]
[BlackElo "2598"]
[TimeControl "180+1"]
[EndTime "15:26:14 PDT"]
[Termination "aghasiyevkamal won by resignation"]

1. e4 e5 2. Nf3 Nc6 3. Bb5 a6 4.
Ba4 d6 5. c3 Bd7 6. d4 g6 7.
Bg5 f6 8. Be3 Nh6 9. h3 Nf7 10.
O-O Bh6 11. b4 Bxe3 12. fxe3 O-O 13. Bb3 Kg7 14. a4 Qe7 15. Nbd2 Nh6 16. Qe2 f5 17. b5 Na5 18. Bc2 f4 19. exf4 Rxf4 20. Qd3 Nf7 21.
g3 Rf6 22. Kg2 axb5 23. axb5 b6 24. Nb3 Rf8 25. Nxa5 bxa5 26. Rxa5 Bxh3+ 27. Kxh3 Rxf3 28. Rxf3 Ng5+ 29. Kg2 Rxf3 30. Qd1 Qf6 31. Qe1 exd4 32. Ra7 Rxc3 33. Qe2 d3 34. Bxd3 Qd4 35. Qf1 Qxa7 0-1

[Event "Late-Titled-Tuesday-Blitz-October-24-2023"]
[Site "Chess.com"]
[Date "2023.10.24"]
[Round "8"]
[White "rockstar0902"]
[Black "Mykola-Bortnyk"]
[Result "0-1"]
[WhiteElo "2675"]
[BlackElo "2947"]
[TimeControl "180+1"]
[EndTime "15:26:16 PDT"]
[Termination "Mykola-Bortnyk won on time"]

1. c4 e5 2. Nc3 Nc6 3. Nf3 Nf6 4.
e4 Bc5 5. Nxe5 Nxe5 6. d4 Bb4 7. dxe5 Nxe4 8. Qf3 d5 9. Be2 d4 10. Qxe4 dxc3 11.
O-O O-O 12. Bd3 g6 13. Qe2 Bg4 14. Qc2 Qd4 15. bxc3 Bxc3 16. Rb1 Rad8 17. Rb3 Qxd3 18. Rxc3 Qd4 19. Bg5 Rd7 20. Bf6 h6 21. Rg3 Kh7 22. h3 Be6 23. Rc1 Qf4 24. Rf3 Qd2 25. Kh2 Qxc2 26.
Rxc2 c5 27. a4 b6 28. a5 Rd4 29. axb6 axb6 30. Rb2 Rb8 31. Rfb3 Rxc4 32. Rxb6 Rxb6 33.
Rxb6 g5 34. g4 h5 35. Rb8 hxg4 36. hxg4 Rxg4 37. f3 Rh4+ 38. Kg3 Rh3+ 39. Kg2 Rh5 40. Kg3 Kg6 41. f4 Rh3+ 42. Kg2 g4 43. Rc8 Bxc8 0-1

[Event "Late-Titled-Tuesday-Blitz-October-24-2023"]
[Site "Chess.com"]
[Date "2023.10.24"]
[Round "8"]
[White "Sanyura"]
[Black "jimis98"]
[Result "0-1"]
[WhiteElo "2610"]
[BlackElo "2759"]
[TimeControl "180+1"]
[EndTime "15:26:16 PDT"]
[Termination "jimis98 won by resignation"]

1. Nf3 Nf6 2. g3 g6 3. Bg2 Bg7 4. O-O O-O 5. d3 d5 6. Nbd2 c6 7. e4 Re8 8. e5 Nfd7 9. e6 fxe6 10. h4 Nf8 11. h5 e5 12. Re1 Qd6 13. Nf1 gxh5 14.
N1h2 Bg4 15. Nxg4 hxg4 16. Nh4 h5 17. f3 Qe6 18. d4 Nbd7 19. dxe5 Ng6 20. Nxg6 Qxg6 21.
f4 e6 22. c3 Nc5 23. Be3 Ne4 24. Qc2 Kf7 25. Bd4 Nxg3 26. Qb3 Re7 27. Bc5 Rd7 28.
c4 Ne4 29. Bd6 Nxd6 30. exd6 Bd4+ 31. Kh1 Qf6 32. Qg3 Rxd6 33. cxd5 exd5 34. Re5 Re8 35. Rae1 Rde6 36. Rxe6 Rxe6 37. Rxe6 Kxe6 38. b3 Qf5 39.
Qh4 Qb1+ 40. Kh2 Qg1+ 0-1

[Event "Late-Titled-Tuesday-Blitz-October-24-2023"]
[Site "Chess.com"]
[Date "2023.10.24"]
[Round "8"]
[White "Jospem"]
[Black "Bauman_Guy"]
[Result "1-0"]
[WhiteElo "3085"]
[BlackElo "2919"]
[TimeControl "180+1"]
[EndTime "15:26:20 PDT"]
[Termination "Jospem won by resignation"]

1. e4 c5 2. Nf3 d6 3. c3 Nf6 4. h3 g6 5. Bd3 Bg7 6. Bc2 O-O 7. O-O e5 8. d4 cxd4 9. cxd4 exd4 10. Nxd4 d5 11.
e5 Ne4 12. f4 f6 13. exf6 Qxf6 14. Nf3 Be6 15. Nc3 Nxc3 16. bxc3 Nc6 17. Rb1 b6 18.
Ba4 Rac8 19. Bd2 Kh8 20. Rc1 Bf5 21. Be3 Be4 22. Bb3 Na5 23. Bd4 Qxf4 24. Bxg7+ Kxg7 25. Qd4+ Rf6 26. Ne5 Qg3 27. Rc2 Nc6 28. Nxc6 Rxc6 29. Re2 Qg5 30. c4 Kh6 31. Rxf6 Rxf6 32. cxd5 Qc1+ 33. Bd1 Rf4 34. Rd2 Qc5 35. Qxc5 bxc5 36. d6 Rf8 37. Re2 Bf5 38. g4 Bd7 39. Re7 Rd8 40.
h4 g5 41. h5 Bc8 42. Bc2 Rh8 43. d7 Bxd7 44. Rxd7 1-0